 Dungeon Crawl Stone Soup version 0.28.0-53-g5a82cb258f (webtiles) character file.

Game seed: 15786292701073438042

139 firemarshallily the Sneak (level 5, 0/36 HPs)
             Began as an Octopode Brigand on June 22, 2022.
             Slain by an ogre
             ... wielding a +0 giant spiked club
              (30 damage)
             ... on level 3 of the Dungeon.
             The game lasted 00:05:30 (2123 turns).

firemarshallily the Sneak (Octopode Brigand)        Turns: 2123, Time: 00:05:32

Health: 0/36       AC:  1    Str: 10      XL:     5   Next: 22%
Magic:  5/5        EV: 13    Int: 12 (13) God:
Gold:   122        SH:  5    Dex: 16      Spells: 4/4 levels left

rFire   . . .      SeeInvis .   f - +3 dagger (venom)
rCold   . . .      Faith    .   (no shield)
rNeg    . . .      Spirit   .   (helmet restricted)
rPois   .          Reflect  +   m - amulet of reflection
rElec   .          Harm     .   (no ring)
rCorr   .          Rampage  .   (no ring)
Will    .....                   (no ring)
Stlth   +++++.....              (no ring)
HPRegen 0.12/turn               (no ring)
MPRegen 0.09/turn               (no ring)
                                (no ring)
                                (no ring)

@: no status effects
A: almost no armour, amphibious, 8 rings, camouflage 1, gelatinous body 1,
(nimble swimmer 1), tentacles
a: no special abilities


You were on level 3 of the Dungeon.
You visited 1 branch of the dungeon, and saw 3 of its levels.

You collected 122 gold pieces.

Inventory:

Hand Weapons
 a - a +2 dagger
 f - a +3 dagger of venom (weapon)
Missiles
 b - 18 poisoned darts (quivered)
 c - 2 curare-tipped darts
 l - 67 stones
 r - a throwing net
Jewellery
 j - a +4 ring of evasion
 m - an amulet of reflection (around mantle)
Wands
 q - a wand of iceblast (7)
Scrolls
 k - a scroll of blinking {unknown}
Potions
 d - a potion of attraction
 e - 2 potions of heal wounds
 g - a potion of cancellation
 h - a potion of curing
 i - a potion of mutation {unknown}
 n - a potion of lignification {unknown}
 o - a potion of resistance {unknown}
 p - a potion of invisibility {unknown}


   Skills:
 + Level 2.8 Fighting
 * Level 3.5 Short Blades
 - Level 2.0 Throwing
 - Level 1.1 Dodging
 * Level 6.9 Stealth


You had 4 spell levels left.
You didn't know any spells.
Your spell library contained the following spells:

 Spells                   Type           Power      Damage    Failure   Level
 Apportation              Tloc           0%         N/A       32%         1
 Summon Small Mammal      Summ           0%         N/A       32%         1
 Call Canine Familiar     Summ           0%         N/A       69%         3
 Summon Guardian Golem    Hex/Summ       0%         N/A       69%         3
 Alistair's Intoxication  Tmut/Pois      0%         N/A       100%        5


Dungeon Overview and Level Annotations

Branches:
Dungeon (3/15)

Altars:
Nemelex Xobeh


Innate Abilities, Weirdness & Mutations

You cannot wear most types of armour.
You are amphibious.
You can wear up to eight rings at the same time.
Your skin changes colour to match your surroundings (Stealth+).
Your rubbery body absorbs attacks. (AC +1, EV +1)
((You are camouflaged when in or above water. (Stealth+)))
You have tentacles for arms and can constrict up to eight enemies at once.


Message History

You kill the orc!
Items here: )))) [[ ††.
A bat comes into view.
A bat is nearby!
A bat comes into view.
Found 18 stones and a throwing net.
The bat hits you but does no damage.
You barely miss the bat. You grab the bat. You squeeze the bat.
You kill the bat!
You block the bat's attack.
You hit the bat.
The bat is poisoned.
Your grab misses the bat.
The bat is moderately wounded.
You kill the bat!
You see here a bat corpse.
l - 67 stones (gained 18)
Found 9 gold pieces.
r - a throwing net You now have 122 gold pieces (gained 9).
Found a faded altar of an unknown god.
A frilled lizard comes into view.
The frilled lizard moves out of view.
A frilled lizard and an ogre come into view.
A hobgoblin comes into view.
Found 12 gold pieces.
A worm comes into view.
Found a scroll labelled HUAQUCW OPTYRPH.
The frilled lizard bites you.
The ogre shouts!
You barely miss the ogre. You squeeze the ogre!
The ogre is moderately wounded.
The hobgoblin shouts!
The frilled lizard bites you. The ogre closely misses you.
You barely miss the ogre.
The ogre is moderately wounded.
You barely miss the ogre.
The ogre is moderately wounded.
The frilled lizard bites you.
The ogre hits you with a +0 giant spiked club!!
Ouch! That really hurt!
You die...

########## ###
#......... ....
#.........
.....##########.........
..........#.....#.......
....w.O@........#.#####.
...$..l...#.8...#.# #.
##?...g...#.....#.# #.
#..........8.....# #.
#########..._....# #.
#8.8...8.# ## ###......#
#8.8##.# ....# .######


You could see an ogre, a worm, a hobgoblin and a frilled lizard.

Vanquished Creatures
  An orc priest (D:3)
  3 adders
  2 worms
  9 dart slugs
  2 orcs (D:3)
  9 bats
  4 endoplasms
  A giant cockroach (D:1)
  7 goblins
  3 hobgoblins
  6 kobolds
  3 quokkas (D:1)
  5 ball pythons
  5 rats
60 creatures vanquished.

Notes
Turn   | Place    | Note
-------+----------+-------------------------------------------
     0 | D:1      | firemarshallily the Octopode Brigand began the quest for
                  | the Orb.
     0 | D:1      | Reached XP level 1. HP: 14/14 MP: 1/1
    51 | D:1      | Reached XP level 2. HP: 13/19 MP: 2/2
   126 | D:1      | You fall into a shaft and drop 1 floor!
   591 | D:1      | Reached XP level 3. HP: 7/24 MP: 3/3
   917 | D:2      | Found a sparkling altar of Nemelex Xobeh.
   981 | D:2      | Reached skill level 6 in Stealth
  1347 | D:2      | Reached XP level 4. HP: 30/30 MP: 4/4
  1958 | D:3      | Reached XP level 5. HP: 23/36 MP: 5/5
  2111 | D:3      | Found a faded altar of an unknown god.
  2114 | D:3      | Noticed an ogre
  2123 | D:3      | Slain by an ogre

Illustrated notes

Levels and vault maps discovered:
D:1:      doesnt_arrival_eight_statues, layout_rooms
D:2:      layout_basic, basic_altar, serial_park_tiny_1, minmay_puff
D:3:      kennysheep_slugbush, layout_basic, ebering_ecumenical_altar_ruins

Skill      XL: |  1  2  3  4 |
---------------+-------------+-----
Stealth        | 6 |  6.9
Short Blades   | 3 |  3.5
Fighting       | |  2.8
Throwing       | |  2.0
Dodging        | |  1.1

Action                   |  1- 3 |  4- 6 || total
-------------------------+-------+-------++-------
Melee: Dagger            |    63 |    44 ||   107
       Constrict         |    18 |    12 ||    30
       Tentacles         |     9 |    10 ||    19
       Punch             |     1 |       ||     1
  Use: Potion            |     3 |       ||     3
       Scroll            |     7 |       ||     7
 Stab: Sleeping          |    12 |     6 ||    18
Armor: Skin              |     5 |     3 ||     8
Dodge: Dodged            |    29 |    16 ||    45
Block: Other             |       |     4 ||     4
